 Dungeon Crawl Stone Soup version 0.19.1-1-g22dce08 (webtiles) character file.

510 RedPan the Chiller (level 6, -8/32 HPs)
             Began as a Deep Elf Ice Elementalist on Dec 30, 2016.
             Was an Initiate of Vehumet.
             Killed by divine providence
             ... invoked by an orc priest
              (13 damage)
             ... on level 5 of the Dungeon.
             The game lasted 00:14:10 (5057 turns).

RedPan the Chiller (Deep Elf Ice Elementalist)      Turns: 5057, Time: 00:14:11

Health: -8/32      AC:  9    Str:  5    XL:     6   Next: 98%
Magic:  6/14       EV: 13    Int: 22    God:    Vehumet [......]
Gold:   236        SH:  4    Dex: 15    Spells: 4 memorised, 3 levels left

rFire  . . .     SeeInvis .     r - +4 whip (drain)
rCold  . . .     Gourm    .     a - +1 robe
rNeg   . . .     Faith    .     (no shield)
rPois  .         Spirit   .     (no helmet)
rElec  .         Reflect  +     n - +0 cloak
rCorr  .         Harm     .     (no gloves)
MR     +....                    t - +0 pair of boots
Stlth  ++........               u - +4 amulet of reflection
                                m - ring of protection from magic
                                p - +4 ring of protection

@: flying, very slightly contaminated, hasted, very quick
A: no striking features
a: Renounce Religion


You were on level 5 of the Dungeon.
You worshipped Vehumet.
Vehumet was noncommittal.
You were very full.

You visited 2 branches of the dungeon, and saw 6 of its levels.

You collected 236 gold pieces.

Inventory:

Hand Weapons
 r - a +4 whip of draining (weapon)
Armour
 a - a +1 robe (worn)
 n - a +0 cloak (worn)
 t - a +0 pair of boots (worn)
 x - a +0 buckler
Jewellery
 m - a ring of protection from magic (right hand)
 p - a +4 ring of protection (left hand)
 u - a +4 amulet of reflection (around neck)
Wands
 v - a wand of confusion (44/48)
 y - a wand of flame (32/48)
Scrolls
 d - 2 scrolls of remove curse
 g - a scroll of magic mapping
 j - 2 scrolls of enchant armour
 o - 2 scrolls of teleportation
Potions
 e - a potion of heal wounds {unknown}
 f - a potion of flight
 h - a potion of might
 s - a potion of curing {unknown}
 w - a potion of lignification {unknown}
 z - a potion of ambrosia {unknown}
 A - a potion of haste
 B - a potion of magic {unknown}
Books
 b - a book of Frost

   Spells                             Type                      Level
   a - Freeze                         Ice                          1
   b - Throw Frost                    Conjuration/Ice              2
   c - Ozocubu's Armour               Charms/Ice                   3
   d - Throw Icicle                   Conjuration/Ice              4
   e - Summon Ice Beast               Ice/Summoning                4
Comestibles
 c - a bread ration
 i - 3 fruits
 k - 2 beef jerkies
 l - 3 royal jellies
 q - 4 meat rations


   Skills:
 - Level 2.4 Dodging
 - Level 2.4 Stealth
 - Level 4.0 Spellcasting
 - Level 1.1 Conjurations
 - Level 3.2 Charms
 - Level 4.0 Summonings
 + Level 6.7 Ice Magic


You had 3 spell levels left.
You knew the following spells:

 Your Spells              Type           Power        Failure   Level  Hunger
a - Freeze                Ice            ####         1%          1    None
b - Throw Frost           Conj/Ice       ###...       4%          2    #......
c - Ozocubu's Armour      Chrm/Ice       ####....     6%          3    ###....
d - Summon Ice Beast      Ice/Summ       ####....     14%         4    ####...


Dungeon Overview and Level Annotations

Branches:
Dungeon (5/15)             Temple (1/1) D:5

Altars:
Ashenzari
Cheibriados
Elyvilon
Gozag
Hepliaklqana
Kikubaaqudgha
Makhleb
Nemelex Xobeh
Qazlal
Sif Muna
Trog
Vehumet
Yredelemnul
Zin
The Shining One


Message History

Your ice beast freezes the orc!
The orc dies!
Vehumet accepts your kill.
It was a potion of haste.
You feel yourself speed up.
You are very lightly contaminated with residual magic.
What are your orders? t - Shout!
Orders for allies: a - Attack new target. r - Retreat! s - Stop attacking. g - Guard the area. f - Follow me.
Anything else - Cancel.
Gang up on whom?
Press: ? - help, Dir - move target cursor, f - orc priest
Aim: an orc priest Attack!
Your ice beast hits the orc priest but does no damage.
Your ice beast hits the orc priest.
Your ice beast freezes the orc priest!
The orc priest invokes the aid of Beogh against you.
Beogh smites you!
You die...

#...#
#....#
####...#
#....#
#......#
#....#
#.######
#....#
#.#.##
######
#..#.##
#...#.##
#....#.##
#@)...#.##
#.)....#.#
#..oY.†.#.
#..Yo....#
#.........#
#.##......#
#.# #.....#
#.# ....#
#.# .....


You could see an orc priest, an orc wizard and 2 friendly ice beasts.

Vanquished Creatures
  The ghost of pustota the Cudgeler, an amateur GrFi (D:3)
  3 hounds (D:4)
  An orc wizard (D:3)
  10 adders
  A gnoll (D:3)
  An ooze (D:3)
  3 adder skeletons
  A worm (D:3)
  A dart slug (D:1)
  4 leopard geckos
  2 orcs (D:3)
  5 bats
  5 giant cockroaches
  11 goblins
  9 hobgoblins
  12 jackals
  3 kobolds
  A quokka (D:4)
  4 frilled lizards
  6 rats
84 creatures vanquished.

Vanquished Creatures (collateral kills)
  An ogre (D:5)
  A scorpion (D:5)
  A howler monkey (D:5)
  2 orc wizards (D:3)
  An iguana (D:5)
  An adder (D:4)
  An adder skeleton (D:4)
  8 orcs
16 creatures vanquished.

Grand Total: 100 creatures vanquished

Notes
Turn   | Place    | Note
-------+----------+-------------------------------------------
     0 | D:1      | RedPan the Deep Elf Ice Elementalist began the quest for the Orb.
     0 | D:1      | Reached XP level 1. HP: 10/10 MP: 6/6
    99 | D:1      | Reached XP level 2. HP: 14/15 MP: 4/8
   102 | D:1      | Reached skill level 4 in Ice Magic
   340 | D:1      | Learned a level 2 spell: Throw Frost
   543 | D:1      | Reached XP level 3. HP: 19/19 MP: 7/9
   548 | D:1      | Learned a level 3 spell: Ozocubu's Armour
  1094 | D:2      | Reached skill level 5 in Ice Magic
  1167 | D:2      | Reached skill level 1 in Charms
  1368 | D:2      | Reached XP level 4. HP: 17/24 MP: 5/10
  1755 | D:2      | Learned a level 4 spell: Summon Ice Beast
  2148 | D:2      | Reached skill level 1 in Summonings
  2148 | D:2      | Reached XP level 5. HP: 28/28 MP: 8/13
  2810 | D:3      | Noticed pustota's ghost (amateur GrFi)
  3776 | D:3      | Killed pustota's ghost
  3776 | D:3      | Reached XP level 6. HP: 27/32 MP: 3/14
  4599 | D:5      | Entered Level 5 of the Dungeon
  4627 | D:5      | Reached skill level 6 in Ice Magic
  4711 | D:5      | Found a radiant altar of Vehumet.
  4730 | D:5      | Became a worshipper of Vehumet
  4796 | D:5      | Found a staircase to the Ecumenical Temple.
  4811 | Temple   | Entered the Ecumenical Temple
  4954 | D:5      | Found a glowing golden altar of the Shining One.
  5057 | D:5      | Killed from afar by an orc priest

Skill      XL: |  1  2  3  4  5  6 |
---------------+-------------------+-----
Ice Magic      | 4 5 6 |  6.7
Charms         | 2 3 |  3.2
Spellcasting   | 4 |  4.0
Summonings     | 1 4 |  4.0
Dodging        | |  2.4
Stealth        | |  2.4
Conjurations   | |  1.1

Action                   |  1- 3 |  4- 6 || total
-------------------------+-------+-------++-------
Melee: Dagger            |    16 |    67 ||    83
       Unarmed           |     2 |       ||     2
       Whip              |       |    16 ||    16
 Cast: Freeze            |    42 |    68 ||   110
       Throw Frost       |       |     9 ||     9
       Summon Ice Beast  |       |    12 ||    12
  Use: Scroll            |       |     8 ||     8
       Potion            |       |     2 ||     2
 Stab: Sleeping          |     5 |     4 ||     9
       Distracted        |       |     2 ||     2
  Eat: Chunk             |     1 |     7 ||     8
       Meat ration       |       |     1 ||     1
       Bread ration      |       |     2 ||     2
Armor: Robe              |     9 |    47 ||    56
Dodge: Dodged            |    40 |    79 ||   119
Block: Other             |       |    24 ||    24
       Reflection        |       |     1 ||     1
